woodfighter, neutral female human Monk --------- ---..|....--- |.`..|..``.>| --...``...`.--- |.....|.`@..|<| |.`.`...Y`---^| |------^..|1^^| |...`.`^---.^.| --....%^^^^^^-- |.`.B.`---11| ---..=.(.|--- -------- woodfighter the Initiate Experience level: 7 Strength: 25 Dexterity: 15 Constitution: 13 Intelligence: 10 Wisdom: 13 Charisma: 7 Health: 0(40) Energy: 33(33) Def: 6 Gold: 1015 Moves: 2157 Dungeon seed: TjZ9roGhWYEPTcfm Game ID: woodfighter_1559225097 Your Inventory: Coins $ - 1015 gold pieces Weapons l - 12 blessed +0 shuriken (in quiver) Armor e - a blessed +2 pair of leather gloves n - an uncursed +1 robe (being worn) r - an uncursed +0 mummy wrapping y - a blessed +1 pair of jumping boots K - an uncursed +0 pair of elven boots N - an uncursed +0 pair of gauntlets of power (being worn) S - a cursed -1 helm of brilliance U - an uncursed +0 orcish helm (being worn) Y - an uncursed +0 pair of speed boots (being worn) Comestibles C - 5 uncursed food rations F - an uncursed lichen corpse G - an uncursed pear I - an uncursed pancake L - an uncursed fortune cookie Scrolls b - an uncursed scroll of enchant armor m - an uncursed scroll of blank paper s - an uncursed scroll of gold detection v - an uncursed scroll of teleportation w - an uncursed scroll of identify D - an uncursed scroll of fire E - a blessed scroll of gold detection H - a blessed scroll of teleportation P - a blessed scroll of identify R - an uncursed scroll of create monster T - a blessed scroll of create monster Spellbooks a - a blessed spellbook of healing Potions c - 2 uncursed potions of healing i - an uncursed potion of full healing o - a blessed potion of confusion p - a blessed potion of healing t - 2 uncursed potions of oil u - an uncursed potion of paralysis x - an uncursed potion of speed A - an uncursed potion of see invisible Q - an uncursed potion of restore ability V - an uncursed potion of hallucination X - 2 blessed potions of hallucination Rings O - a blessed +1 ring of stealth Wands d - a wand of fire (0:4) f - a wand of sleep (0:6) h - a wand of teleportation (0:5) j - a wand of enlightenment (0:3) B - a wand of enlightenment (0:10) M - a wand of enlightenment (0:15) Tools k - an uncursed oil lamp (0:1345) W - an uncursed towel Gems q - an uncursed worthless piece of yellowish brown glass z - an uncursed worthless piece of blue glass J - an uncursed worthless piece of red glass Z - an uncursed worthless piece of green glass Spells and supernatural/magical abilities: Name Level Category Fail Memory h - healing 1 healing 0% 90% W - pray for help -- divine ? -- Your skills at the end: Miscellaneous Skills martial arts [Skilled] wands [Basic] Weapon Skills shuriken [Basic] Spellcasting Skills healing spells [Basic] Final Attributes: You were devoutly aligned. You were sleep resistant. You were poison resistant. Your writing hand was ok. You saw invisible. You were warned. You were stealthy. You were held by an owlbear. You were very fast. You are dead. Vanquished creatures: 4 Grey-elves a giant spider an orc mummy a dwarf mummy a jaguar a blue jelly a soldier ant 3 bugbears 4 Uruk-hai a pony 3 gnome lords a gnomish wizard a gray ooze 4 elf zombies a puppy a floating eye a homunculus 2 kobold shamans 2 iguanas a rothe 2 jitterbugs a giant bat a werejackal 4 killer bees a hobbit 4 acid blobs 2 large kobolds 4 hobgoblins 2 giant rats 4 cave spiders a brown mold a red mold 7 jackals 2 foxes 8 kobolds 3 newts 3 goblins 2 sewer rats 3 grid bugs 6 lichens 96 creatures vanquished. Voluntary challenges: You were vegetarian. You did not cause conflict. You were not invisible. You did not have reflection. You were not displaced. You never hit with a wielded weapon. You did not apply a unicorn horn. You did not use plumbed fixtures. You did not drink any magical draughts. You read items or engraved 4 times, starting on turn 1168. You never genocided any monsters. You never polymorphed an object. You never changed form. You used no wishes. You never split a pudding. You never wrote Elbereth's name. You never violated your personal moral code. Dungeon overview: The Dungeons of Doom: levels 1 to 10 Level 1 some fountains, a sink a long staircase Level 2 (box + water) an armor shop Level 3 a sink stairs to The Gnomish Mines Level 4 (water) Level 5 (water + box) a hardware shop, an altar to Huan Ti, some fountains, a sink Level 6 (throne + box) an altar to Chih Sung-tzu, some fountains, a throne Level 7 a potion shop Level 8 many fountains Level 9 stairs to Sokoban Level 10 The Gnomish Mines: Level 4 stairs to The Dungeons of Doom Sokoban: Level 8 <- You were here a magic chest stairs to The Dungeons of Doom History has recorded: On T:1 you entered the Dungeons of Doom to retrieve the Amulet of Yendor! On T:13 you reached level 2 of The Dungeons of Doom. On T:200 you reached level 3 of The Dungeons of Doom. On T:202 you reached level 1 of The Gnomish Mines. On T:289 you advanced to experience level 2. On T:354 you advanced to experience level 3. On T:842 you reached level 4 of The Dungeons of Doom. On T:858 you reached level 5 of The Dungeons of Doom. On T:860 you advanced to experience level 4. On T:1107 you reached level 6 of The Dungeons of Doom. On T:1242 you advanced to experience level 5. On T:1347 you reached level 7 of The Dungeons of Doom. On T:1521 you advanced to experience level 6. On T:1708 you reached level 8 of The Dungeons of Doom. On T:1851 you advanced to experience level 7. On T:2014 you reached level 9 of The Dungeons of Doom. On T:2067 you reached level 10 of The Dungeons of Doom. On T:2130 you reached level 4 of Sokoban. Score breakdown: Gold: 1015 ( 101 points) Experience: 7 levels ( 600 points) Exploration: 10 levels ( 270 points) Discoveries: 29 items ( 1450 points) Variety of kills: 40 monsters ( 2000 points) Major goal: (nothing yet) ( 0 points) Survival: died (score multiplied by 3) Total score: 13263 Latest messages: You kill the Grey-elf! The werejackal picks up an elven mithril-coat. The werejackal puts on an elven mithril-coat. You kill the werejackal! E - a scroll labeled EIGOWA KIRAIDES. There are a few more objects here. The Grey-elf swings her runed broadsword at you. The Grey-elf slashes you! You strike the Grey-elf! You kill the Grey-elf! G - a pear. H - a scroll labeled VENZAR BORGAVVE. There are a few more objects here. There are a few objects here. (2x) K - a pair of combat boots. There are a few objects here. The gnome lord drinks a potion of speed! The gnome lord is suddenly moving faster. Picking out the Seeds You finish searching. (2x) With great effort you move the boulder. You strike the owlbear! The owlbear punches you! (2x) The owlbear grabs you! You die... Final status: Goodbye woodfighter the Monk, killed by an owlbear... You died in Sokoban on dungeon level 8 with 13263 points, and 1015 pieces of gold, after 2157 moves. You were level 7 with a maximum of 40 hit points when you died.